 Dungeon Crawl Stone Soup version 0.24.1 (webtiles) character file.

Game seed: 5867576982639123199, levelgen mode: deterministic

35581 Peloso the Peltast (level 13, -14/116 HPs)
             Began as a Minotaur Fighter on Apr 4, 2020.
             Was a High Priest of Okawaru.
             Demolished by a polar bear (70 damage)
             ... on level 3 of the Lair of Beasts.
             The game lasted 00:47:22 (16986 turns).

Peloso the Peltast (Minotaur Fighter)              Turns: 16986, Time: 00:47:23

Health: -14/116    AC: 17    Str: 28    XL:     13   Next: 48%
Magic:  14/14      EV: 12    Int:  5    God:    Okawaru [*****.]
Gold:   974        SH:  0    Dex: 12    Spells: 12/12 levels left

rFire    . . .     SeeInvis .   a - +1 falchion
rCold    . . .     Gourm    .   c - +0 shield
rNeg     + + +     Faith    .   u - +3 scale mail of Atalosk {rN++ MR+ rCorr Stlth-}
rPois    .         Spirit   .   q - +0 hat {MR+}
rElec    .         Reflect  .   N - +2 cloak {MR+}
rCorr    +         Harm     .   (no gloves)
MR       ++++.                  g - +0 pair of boots
Stlth    ..........             (no amulet)
HPRegen  0.29/turn              (no ring)
MPRegen  0.14/turn              I - ring of Rikopom {+Fly rN+ MR+ Str+4}

@: about to teleport, sleeping, marked, slowed
A: retaliatory headbutt, horns 2
a: Heroism, Finesse, Renounce Religion, Evoke Flight


You were on level 3 of the Lair of Beasts.
You worshipped Okawaru.
Okawaru was extremely pleased with you.
You were not hungry.

You visited 3 branches of the dungeon, and saw 16 of its levels.
You also visited: Bailey and Volcano.

You collected 1180 gold pieces.
You spent 206 gold pieces at shops.

Inventory:

Hand Weapons
 a - a +1 falchion (weapon)
 b - a +1 quick blade of flaming
Armour
 c - a +0 shield (worn)
 g - a +0 pair of boots (worn)
 h - a +0 chain mail
 q - a +0 hat of magic resistance (worn)
 u - the +3 scale mail of Atalosk (worn) {rN++ MR+ rCorr Stlth-}
   (You found it on level 2 of the Lair of Beasts)

   It greatly protects you from negative energy.
   It affects your resistance to hostile enchantments.
   It provides partial protection from all sources of acid and corrosion.
   It makes you less stealthy.
 N - a +2 cloak of magic resistance (worn)
 P - +2 ice dragon scales
 V - the +2 plate armour "Uckae" {Str+2 Int+3 Dex+3 SInv}
   (Okawaru gifted it to you on level 1 of the Lair of Beasts)

   It affects your strength (+2).
   It affects your intelligence (+3).
   It affects your dexterity (+3).
   It lets you see invisible.
Jewellery
 e - an uncursed ring of poison resistance
 p - an uncursed ring of see invisible
 r - an uncursed ring of protection from cold
 t - an uncursed ring of flight {unknown}
 I - the ring of Rikopom (right hand) {+Fly rN+ MR+ Str+4}
   (You found it on level 7 of the Dungeon)

   [ring of flight]

   It affects your strength (+4).
   It protects you from negative energy.
   It affects your resistance to hostile enchantments.
   It lets you fly.
Wands
 j - a wand of iceblast (9)
 v - a wand of paralysis (6)
 C - a wand of digging (1)
Scrolls
 i - a scroll of blinking
 k - 3 scrolls of noise
 l - 6 scrolls of teleportation
 m - 2 scrolls of fear
 n - 2 scrolls of fog
 o - 2 scrolls of enchant weapon {unknown}
 A - 7 scrolls of remove curse
 K - 3 scrolls of magic mapping
 X - 2 scrolls of identify
Potions
 d - 5 potions of might
 s - 10 potions of curing
 w - 4 potions of heal wounds
 x - a potion of agility {unknown}
 G - 3 potions of resistance
 S - a potion of haste
 T - a potion of flight
 Y - a potion of berserk rage
Comestibles
 f - 28 rations


   Skills:
 + Level 11.4 Fighting
 + Level 2.0(9.1) Short Blades
 + Level 14.3(14.4) Long Blades
   Level 1.7 Maces & Flails
   Level 3.3 Polearms
 + Level 12.5 Armour
 + Level 3.3 Dodging
 + Level 0.9 Stealth
 + Level 15.1 Shields
 + Level 2.8 Invocations
 + Level 1.3 Evocations


You had 12 spell levels left.
You didn't know any spells.
Your spell library contained the following spells:

 Spells                   Type           Power        Failure   Level  Hunger
 Magic Dart               Conj           #...         67%         1    ##.....
 Pain                     Necr           #...         67%         1    ##.....
 Blink                    Tloc           N/A          82%         2    ###....
 Call Imp                 Summ           #.......     82%         2    ###....
 Corpse Rot               Necr           N/A          82%         2    ###....
 Slow                     Hex            #.......     82%         2    ###....
 Conjure Flame            Conj/Fire      #.......     96%         3    ####...
 Mephitic Cloud           Conj/Pois/Air  #.......     96%         3    ####...
 Ozocubu's Armour         Chrm/Ice       #.......     96%         3    ####...
 Bolt of Magma            Conj/Fire/Erth #.........   100%        5    ######.
 Excruciating Wounds      Chrm/Necr      #.........   100%        5    ######.
 Iskenderun's Battlesphe  Conj/Chrm      #.......     100%        5    ######.
 Venom Bolt               Conj/Pois      #.........   100%        5    ######.
 Iron Shot                Conj/Erth      #.........   100%        6    #######
 Orb of Destruction       Conj           #.........   100%        7    #######
 Spellforged Servitor     Conj/Summ      #.........   100%        7    #######


Dungeon Overview and Level Annotations

Branches:
Dungeon (12/15)            Temple (1/1) D:4            Lair (3/6) D:10
    Orc (0/2) D:9          Bailey (visited)         Volcano (visited)
  Swamp: Lair:2-4    Shoals: Lair:2-4     Snake: Lair:2-4    Spider: Lair:2-4

Altars:
Ashenzari
Cheibriados
Dithmenos
Elyvilon
Fedhas
Gozag
Hepliaklqana
Kikubaaqudgha
Makhleb
Nemelex Xobeh
Okawaru
Qazlal
Ru
Sif Muna
Trog
Uskayaw
Vehumet
Xom
Yredelemnul
Zin
The Shining One

Shops:
D:4 !   D:6 }*:   D:7 :

Annotations:
D:3 1 runed translucent door, Curus's ghost, amateur MiMo
Lair:3 Gastronok


Innate Abilities, Weirdness & Mutations

You reflexively headbutt those who attack you in melee.
You have a pair of horns on your head.


Message History

Gastronok the Ponderous comes into view.
He is wearing a +1 hat of magic resistance.
A torpor snail comes into view.
Being near the torpor snail leaves you feeling lethargic.
As you read the scroll of teleportation, it crumbles to dust.
You feel strangely unstable.
A wolf comes into view.
A centaur comes into view.
The polar bear rages.
The dream sheep bites you. You block the polar bear's attack. x3
The dream sheep bites you but does no damage.
The komodo dragon hisses menacingly.
Gastronok casts a spell.
You feel a sudden urge to swivel your nonexistent eyestalks around.
The polar bear bites you. The polar bear misses you.
The polar bear claws you but does no damage.
You block the dream sheep's attack.
The dream sheep shake their wool and sparkle.
You feel drowsy...
You fall asleep.
The polar bear bites you!!!
Ouch! That really hurt!
You die...

#.............##
##.>...........#
#............## ..
#.............# #.
##............##
.#.Y #...........###
#.... ##h.h.#......#
#..Y###Y..#####P####
#...w.YY@P# ###
###....h###
#...rl### #.##.....#
# ##.c...)....
##.$.......
........P.
....#..##PP
PPw##..## .


You could see a torpor snail, a polar bear (berserk), a komodo dragon, 2 wolves,
a centaur, 4 dream sheep and a porcupine.

Vanquished Creatures
  A red draconian (Volcano)
  Erolcha (D:11)
  3 hydras
  A centaur warrior (D:10)
  An ogre mage (Volcano)
  6 two-headed ogres
  Urug (Lair:2)
  Nergalle (D:11)
  2 unseen horrors
  An orc knight (Bailey)
  Pikel (D:4)
  An ugly thing (D:12)
  2 deep elf magi (D:10)
  An oklob plant (D:10)
  A manticore (D:11)
  2 centaur zombies (D:11)
  3 elephants (Lair:2)
  2 molten gargoyles (Volcano)
  A gargoyle (D:11)
  6 spiny frogs (Lair:1)
  2 komodo dragons
  2 trolls
  A merfolk (D:10)
  2 hornets
  13 blink frogs
  2 hippogriffs
  A vampire (D:11)
  20 yaks
  2 fire bats (Volcano)
  2 wraiths
  A wyvern (Lair:1)
  3 basilisks
  A human (D:10)
  3 hungry ghosts
  4 wargs (D:9)
  Edmund (D:6)
  6 water moccasins
  3 porcupines
  Duvessa (D:6)
  A swamp drake (D:10)
  5 orc warriors
  2 ice beasts (D:9)
  2 sky beasts
  A necrophage (D:7)
  6 phantoms
  5 ogres
  4 centaurs
  12 wolves (Lair:1)
  3 crocodiles
  2 big kobolds
  13 bullfrogs
  Dowan (D:5)
  3 scorpions
  13 killer bees
  3 howler monkeys
  10 wights (D:9)
  9 electric eels (D:6)
  6 lava snakes (Volcano)
  6 crimson imps
  7 hounds
  An iron imp (D:10)
  3 jellies
  2 quasits
  Crazy Yiuf (D:3)
  3 orc priests
  4 centaur skeletons (D:9)
  12 orc wizards
  Jessica (D:2)
  An iguana (D:5)
  Terence (D:2)
  5 worker ants
  7 gnolls (D:3)
  10 adders
  4 shadow imps
  A white imp (D:10)
  2 oozes
  2 adder skeletons
  A dart slug (D:1)
  4 leopard geckos
  56 orcs
  3 ball pythons
  3 giant cockroaches (D:6)
  5 goblins
  3 hobgoblins
  5 jackals
  17 kobolds
  3 quokkas
  8 bats
  2 frilled lizards
  A leopard gecko skeleton (D:9)
  A quokka zombie (D:7)
  15 rats
  A fungus (Lair:1)
  A plant (D:10)
411 creatures vanquished.

Vanquished Creatures (others)
  2 slaves (D:4)
  A howler monkey skeleton (D:4)
  An orc (D:4)
  2 fungi
  2 plants (Lair:3)
8 creatures vanquished.

Grand Total: 419 creatures vanquished

Notes
Turn   | Place    | Note
-------+----------+-------------------------------------------
     0 | D:1      | Peloso the Minotaur Fighter began the quest for the Orb.
     0 | D:1      | Reached XP level 1. HP: 19/19 MP: 0/0
    33 | D:1      | Reached XP level 2. HP: 21/27 MP: 1/1
   151 | D:1      | Reached skill level 4 in Shields
   766 | D:2      | Reached XP level 3. HP: 33/33 MP: 2/2
   771 | D:2      | Noticed Jessica
   800 | D:2      | Killed Jessica
   838 | D:2      | Noticed Terence
   851 | D:2      | Killed Terence
   851 | D:2      | Reached XP level 4. HP: 40/40 MP: 3/3
   921 | D:2      | Found a glowing silver altar of Zin.
  1163 | D:2      | Found a shadowy altar of Dithmenos.
  1535 | D:3      | Reached skill level 1 in Dodging
  1535 | D:3      | Reached XP level 5. HP: 39/46 MP: 4/4
  1883 | D:3      | Found a runed translucent door.
  1889 | D:3      | Noticed Curus's ghost (amateur MiMo)
  1967 | D:3      | Reached skill level 5 in Armour
  2096 | D:3      | Found an ancient bone altar of Kikubaaqudgha.
  2149 | D:3      | Reached skill level 5 in Shields
  2311 | D:3      | Found a runed translucent door.
  2312 | D:3      | Noticed Crazy Yiuf
  2498 | D:3      | Killed Crazy Yiuf
  2549 | D:4      | Noticed Pikel
  2549 | D:4      | Noticed a slave
  2549 | D:4      | Noticed a slave
  2549 | D:4      | Noticed a slave
  2549 | D:4      | Noticed a slave
  2563 | D:4      | Killed Pikel
  2563 | D:4      | Reached skill level 5 in Long Blades
  2563 | D:4      | Reached skill level 6 in Shields
  2563 | D:4      | Reached XP level 6. HP: 35/55 MP: 5/5
  2563 | D:4      | Reached XP level 7. HP: 39/60 MP: 6/6
  2599 | D:4      | Found a staircase to the Ecumenical Temple.
  2612 | D:4      | Found Ymazirir's Distillery.
  2617 | Temple   | Entered the Ecumenical Temple
  2650 | Temple   | Became a worshipper of Warmaster Okawaru
  2671 | D:4      | Bought a potion of degeneration for 14 gold pieces
  2671 | D:4      | Bought a potion of curing for 42 gold pieces
  2931 | D:4      | Reached skill level 5 in Fighting
  3626 | D:5      | Entered Level 5 of the Dungeon
  3662 | D:5      | Reached * piety under Okawaru
  3662 | D:5      | Reached XP level 8. HP: 63/68 MP: 7/7
  3767 | D:5      | Reached skill level 7 in Shields
  4318 | D:6      | Reached ** piety under Okawaru
  4326 | D:6      | Noticed Dowan
  4327 | D:6      | Noticed Duvessa
  4327 | D:6      | Found a snail-covered altar of Cheibriados.
  4327 | D:6      | Found a white marble altar of Elyvilon.
  4360 | D:6      | Killed Duvessa
  4672 | D:5      | Killed Dowan
  4867 | D:6      | Found Qaer's General Store.
  4876 | D:6      | Bought a scroll of enchant armour for 90 gold pieces
  4876 | D:6      | Bought a potion of heal wounds for 60 gold pieces
  4953 | D:6      | Found Lopu's Gadget Emporium.
  4955 | D:6      | Noticed Edmund
  4966 | D:6      | Killed Edmund
  4966 | D:6      | Reached XP level 9. HP: 68/75 MP: 8/8
  5084 | D:6      | Found Utoecena's Book Emporium.
  5508 | D:6      | Reached skill level 8 in Shields
  6416 | D:7      | Found a basalt altar of Yredelemnul.
  6456 | D:7      | Found Halosorph's Book Boutique.
  6464 | D:7      | Reached *** piety under Okawaru
  6497 | D:7      | Got a scorched brass ring
  6551 | D:7      | Reached skill level 9 in Shields
  6565 | D:7      | Reached skill level 1 in Invocations
  6802 | D:7      | Identified the ring of Rikopom {+Fly rN+ MR+ Str+4} (You
                  | found it on level 7 of the Dungeon)
  6847 | D:8      | Noticed a two-headed ogre
  6858 | D:8      | Killed a two-headed ogre
  6858 | D:8      | Reached **** piety under Okawaru
  6858 | D:8      | Reached skill level 10 in Long Blades
  6858 | D:8      | Reached XP level 10. HP: 65/86 MP: 9/9
  7101 | D:8      | Found a flagged portal.
  7108 | D:8      | Found a sacrificial altar of Ru.
  7114 | D:8      | Got an ichor-stained spear
  7117 | Bailey   | Entered a bailey
  7132 | Bailey   | Identified the +8 spear "Sythemin" {venom, rC+} (You found
                  | it on level 8 of the Dungeon)
  7471 | Bailey   | Noticed an orc knight
  7726 | Bailey   | Reached skill level 1 in Polearms
  8511 | Bailey   | Killed an orc knight
  8511 | Bailey   | Reached skill level 10 in Shields
  8665 | Bailey   | Identified the Tome of Augmentations and Black Arts
  8904 | D:8      | Found a stormy altar of Qazlal.
  8969 | D:8      | Found a shimmering altar of Xom.
  8973 | D:8      | Found a blossoming altar of Fedhas.
  9079 | D:8      | Reached ***** piety under Okawaru
  9319 | D:9      | Found a sparkling altar of Nemelex Xobeh.
  9326 | D:9      | Found a staircase to the Orcish Mines.
  9671 | D:9      | Reached skill level 11 in Shields
  9952 | D:9      | Noticed a two-headed ogre
 10045 | D:9      | Killed a two-headed ogre
 10045 | D:9      | Reached XP level 11. HP: 83/94 MP: 10/10
 10305 | D:10     | Entered Level 10 of the Dungeon
 10415 | D:10     | Noticed an oklob plant
 10419 | D:10     | Found a staircase to the Lair.
 10440 | D:10     | Killed an oklob plant
 10508 | D:10     | Noticed a centaur warrior
 10527 | D:10     | Killed an unseen horror
 10537 | D:10     | Killed a centaur warrior
 10998 | D:10     | Reached skill level 12 in Shields
 11094 | D:10     | Noticed a deep elf mage
 11108 | D:10     | Noticed a deep elf mage
 11113 | D:10     | Killed a deep elf mage
 11113 | D:10     | Reached ****** piety under Okawaru
 11144 | D:10     | Killed a deep elf mage
 11144 | D:10     | Reached skill level 10 in Armour
 11444 | D:10     | Received a gift from Okawaru
 11812 | D:11     | Noticed Erolcha
 12207 | D:11     | Killed Erolcha
 12271 | D:11     | Noticed an unseen horror
 12291 | D:11     | Killed an unseen horror
 12387 | D:11     | Reached skill level 13 in Shields
 12421 | D:11     | Reached XP level 12. HP: 71/104 MP: 12/12
 12520 | D:11     | Noticed Nergalle
 12537 | D:11     | Killed Nergalle
 12820 | D:11     | Identified a scroll of acquirement
 13038 | D:12     | Noticed a five-headed hydra
 13586 | Lair:1   | Entered Level 1 of the Lair of Beasts
 13586 | Lair:1   | Noticed a four-headed hydra
 13606 | D:10     | Killed a four-headed hydra
 13631 | Lair:1   | Received a gift from Okawaru
 13634 | Lair:1   | Got a pitted plate armour {god gift}
 13645 | Lair:1   | Identified the +2 plate armour "Uckae" {Str+2 Int+3 Dex+3
                  | SInv} (Okawaru gifted it to you on level 1 of the Lair of
                  | Beasts)
 14161 | Lair:1   | Reached skill level 1 in Maces & Flails
 14275 | Lair:1   | Noticed an eight-headed hydra
 14308 | Lair:2   | Reached skill level 14 in Shields
 14324 | Lair:2   | Found a dark tunnel.
 14330 | Volcano  | Entered a volcano
 14590 | Volcano  | Found a bloodstained altar of Trog.
 14590 | Volcano  | Noticed a two-headed ogre
 14590 | Volcano  | Noticed a two-headed ogre
 14590 | Volcano  | Noticed an ogre mage
 14590 | Volcano  | Noticed a two-headed ogre
 14599 | Volcano  | Killed a two-headed ogre
 14607 | Volcano  | Killed a two-headed ogre
 14607 | Volcano  | Reached skill level 10 in Fighting
 14620 | Volcano  | Killed a two-headed ogre
 14624 | Volcano  | Killed an ogre mage
 14885 | Volcano  | Noticed a two-headed ogre
 14892 | Volcano  | Killed a two-headed ogre
 14902 | Volcano  | Noticed a red draconian
 14922 | Volcano  | Killed a red draconian
 15000 | Volcano  | Received a gift from Okawaru
 15000 | Volcano  | Reached XP level 13. HP: 113/113 MP: 10/13
 15580 | Lair:1   | Reached skill level 1 in Short Blades
 16135 | Lair:2   | Got a bloodstained scale mail
 16146 | Lair:2   | Identified the +3 scale mail of Atalosk {rN++ MR+ rCorr
                  | Stlth-} (You found it on level 2 of the Lair of Beasts)
 16254 | Lair:2   | Reached skill level 1 in Evocations
 16352 | Lair:2   | Noticed Urug
 16375 | Lair:2   | Killed Urug
 16375 | Lair:2   | Reached skill level 15 in Shields
 16984 | Lair:3   | Noticed Gastronok
 16986 | Lair:3   | Demolished by a polar bear

Levels and vault maps discovered:
D:1:      dpeg_arrival_shelter, layout_basic, serial_forest,
          infiniplex_forest_zigzag_1, infiniplex_forest_side_room,
          infiniplex_forest_lined_room_2, infiniplex_forest_clump_small,
          infiniplex_forest_straight_4
D:2:      layout_loops_cross, lemuel_coloured_pillars_altar,
          nicolae_overflow_crystal_walls, uniq_terence, uniq_jessica
D:3:      layout_loops_ring, kiku_gazebo_garden_becter, ebering_ghost_sewer_d,
          corner_web_ring, serial_bayou_pond_c, uniq_crazy_yiuf_cottage
D:4:      layout_basic, temple_statues, serial_shops, nicolae_shop_statue_plus,
          uniq_pikel
D:5:      layout_cave_pools, first_ration
D:6:      layout_basic, nicolae_overflow_hidden_temple,
          grunt_temple_overflow_open, serial_shops, nicolae_shop_behind_doors,
          shop_fountains, shop, kennysheep_boxes, uniq_duvessa, uniq_edmund
D:7:      layout_rooms, kennysheep_little_box, serial_shops, shop
D:8:      layout_basic, lemuel_crystal_altar, nicolae_qazlal_general_emergency,
          minitemple, enter_bailey_2
D:9:      minmay_clustersquares, layout_irregular_city, kennysheep_mini,
          minmay_orc_entry_guard_dogs
D:10:     layout_basic, dpeg_oklobed_lair, hangedman_stone_soup,
          hangedman_minor_magic
D:11:     layout_irregular_city, uniq_erolcha, uniq_nergalle
D:12:     layout_basic
Temple:   eino_temple_lava
Lair:1:   layout_long_grid
Lair:2:   layout_cave_pods, enter_volcano_2, grunt_megastairs_5, uniq_urug
Lair:3:   layout_concentric_octagons, minmay_shoals_entry_centaurs,
          uniq_gastronok

Skill      XL: |  1  2  3  4  5  6  7  8  9 10 11 12 13 |
---------------+----------------------------------------+-----
Armour         | 4 6 7 8 9 10 12 | 12.5
Shields        | 4 6 7 9 11 13 14 15 | 15.1
Fighting       | 4 5 6 7 8 9 10 11 | 11.4
Long Blades    | 3 5 6 8 10 11 13 14 | 14.3
Dodging        | 1 2 3 |  3.3
Invocations    | 1 2 |  2.8
Polearms       | 3 |  3.3
Maces & Flails | 1 |  1.7
Short Blades   | 2 |  2.0
Evocations     | 1 |  1.3
Stealth        | |  0.9

Action                   |  1- 3 |  4- 6 |  7- 9 | 10-12 | 13-15 || total
-------------------------+-------+-------+-------+-------+-------++-------
Melee: Long sword        |    65 |   122 |   336 |   160 |       ||   683
       Headbutt          |    12 |    23 |    69 |   275 |   112 ||   491
       Falchion          |       |       |       |   839 |   251 ||  1090
       Spear             |       |       |       |    65 |       ||    65
       Whip              |       |       |       |     5 |       ||     5
       Quick blade       |       |       |       |       |    32 ||    32
Invok: Heroism           |       |       |     4 |    11 |     2 ||    17
       Finesse           |       |       |       |     3 |     1 ||     4
Evoke: Wand              |       |       |    15 |       |     4 ||    19
  Use: Potion            |     1 |     1 |     1 |     2 |       ||     5
       Scroll            |       |       |    16 |     7 |     2 ||    25
  Eat: Chunk             |       |     5 |    11 |    22 |     6 ||    44
       Ration            |       |       |     1 |     3 |       ||     4
Armor: Scale mail        |     6 |       |       |       |    34 ||    40
       Chain mail        |    41 |    56 |   122 |       |       ||   219
       Plate armour      |       |       |    49 |    45 |    53 ||   147
       Crystal plate arm |       |       |       |   389 |       ||   389
Dodge: Dodged            |    22 |    29 |    98 |   225 |    82 ||   456
Block: Shield            |    46 |    69 |   201 |   637 |   163 ||  1116
       Rpst.: Long sword |     9 |     9 |    35 |     9 |       ||    62
       Falchion          |       |       |       |    44 |    14 ||    58
